MLB
MILWAUKEE BREWERS @ ARIZONA DIAMONDBACKS
03/18/2047
 
TOP OF THE 1ST
Milwaukee Brewers batting - Pitching for Arizona Diamondbacks : LHP Murphy Quirk
Pitching: LHP Murphy Quirk
Batting: SHB Junzo Kato 0-0: Ball
1-0: Ground out 5-3 (Groundball, 56S, EV 83.8 MPH)
Batting: RHB Kisho Ito 0-0: Called Strike
0-1: Ball
1-1: Ball
2-1: Foul Ball, location: 2F
2-2: Strikes out swinging
Batting: RHB Mike Thornton 0-0: Foul Ball, location: 2F
0-1: Ball
1-1: Foul Ball, location: 2F
1-2: Strikes out swinging, 2-3 out at first.
Top of the 1st over - 0 runs, 0 hits, 0 errors, 0 left on base; Milwaukee 0 - Arizona 0
BOTTOM OF THE 1ST
Arizona Diamondbacks batting - Pitching for Milwaukee Brewers : RHP Brett Rosinsky
Pitching: RHP Brett Rosinsky
Batting: RHB Andy Swaim 0-0: Swinging Strike
0-1: Ball
1-1: Foul Ball, location: 2F
1-2: Foul Ball, location: 2F
1-2: Ball
2-2: Fly out, F8 (Flyball, 8LD, EV 93.8 MPH)
Batting: RHB Katilimomi Kelekolio 0-0: Foul Ball, location: 2F
0-1: Ball
1-1: Fly out, F8 (Line Drive, 89D, EV 92.5 MPH)
Batting: RHB Jim Zucco 0-0: Ball
1-0: Called Strike
1-1: Ground out 4-3 (Groundball, 4, EV 78.8 MPH)
Bottom of the 1st over - 0 runs, 0 hits, 0 errors, 0 left on base; Milwaukee 0 - Arizona 0
TOP OF THE 2ND
Milwaukee Brewers batting - Pitching for Arizona Diamondbacks : LHP Murphy Quirk
Batting: RHB Noah Stanley 0-0: Swinging Strike
0-1: Ball
1-1: Swinging Strike
1-2: Ball
2-2: Fly out, F8 (Flyball, 8RM, EV 87.5 MPH)
Batting: RHB Daniel Donovan 0-0: Ball
1-0: Foul Ball, location: 2F
1-1: Ball
2-1: Ground out 4-3 (Groundball, 4, EV 89.4 MPH)
Batting: RHB Dave Gonzalez 0-0: Ball
1-0: Fly out, F9 (Flyball, 9S, EV 85.6 MPH)
Top of the 2nd over - 0 runs, 0 hits, 0 errors, 0 left on base; Milwaukee 0 - Arizona 0
BOTTOM OF THE 2ND
Arizona Diamondbacks batting - Pitching for Milwaukee Brewers : RHP Brett Rosinsky
Batting: RHB Ruben Velasco 0-0: Ball
1-0: Ball
2-0: Foul Ball, location: 2F
2-1: DOUBLE (Line Drive, 9LS, EV 106.2 MPH)
Batting: LHB Mike Mentzer 0-0: Called Strike
0-1: Foul Ball, location: 2F
0-2: Foul Ball, location: 2F
0-2: Ball
1-2: Strikes out swinging
Batting: SHB Salvador Aragon 0-0: Ball
1-0: Foul Ball, location: 2F
1-1: Ball
2-1: Fly out, F9 (Flyball, 9D, EV 90.6 MPH)
Runner from 2nd tags up, SAFE at 3rd, no throw by RF
Batting: LHB Bobby Arevalo 0-0: Called Strike
0-1: Ground out 6-3 (Groundball, 6, EV 86.9 MPH)
Bottom of the 2nd over - 0 runs, 1 hit, 0 errors, 1 left on base; Milwaukee 0 - Arizona 0
TOP OF THE 3RD
Milwaukee Brewers batting - Pitching for Arizona Diamondbacks : LHP Murphy Quirk
Batting: SHB Pat Wilson 0-0: Called Strike
0-1: Foul Ball, location: 2F
0-2: Strikes out swinging
Batting: LHB Alfredo de la Cruz 0-0: Ball
1-0: Ball
2-0: Foul Ball, location: 2F
2-1: Called Strike
2-2: Ground out 3-1 (Groundball, 34, EV 107.5 MPH)
Batting: RHB Ben Campbell 0-0: Ball
1-0: Foul Ball, location: 2F
1-1: Foul Ball, location: 2F
1-2: Ball
2-2: Strikes out looking
Top of the 3rd over - 0 runs, 0 hits, 0 errors, 0 left on base; Milwaukee 0 - Arizona 0
BOTTOM OF THE 3RD
Arizona Diamondbacks batting - Pitching for Milwaukee Brewers : RHP Brett Rosinsky
Batting: RHB Billy Crookston 0-0: Swinging Strike
0-1: Ball
1-1: Swinging Strike
1-2: Ball
2-2: Strikes out swinging
Batting: SHB Andrew Wray II 0-0: Ball
1-0: Foul Ball, location: 2F
1-1: Ball
2-1: Ball
3-1: TRIPLE (Flyball, 8RXD, EV 93.1 MPH)
Batting: RHB Andy Swaim 0-0: Ball
1-0: Ball
2-0: Called Strike
2-1: Ball
3-1: Called Strike
3-2: Base on Balls
Batting: RHB Katilimomi Kelekolio 0-0: Ball
1-0: Called Strike
1-1: Swinging Strike
1-2: Ball
2-2: Foul Ball, location: 2F
2-2: Ball
3-2: Grounds into double play, 6-4-3 (Groundball, 56, EV 81.2 MPH)
Bottom of the 3rd over - 0 runs, 1 hit, 0 errors, 1 left on base; Milwaukee 0 - Arizona 0
TOP OF THE 4TH
Milwaukee Brewers batting - Pitching for Arizona Diamondbacks : LHP Murphy Quirk
Batting: SHB Junzo Kato 0-0: Ball
1-0: Swinging Strike
1-1: Swinging Strike
1-2: Strikes out swinging
Batting: RHB Kisho Ito 0-0: Ball
1-0: Foul Ball, location: 2F
1-1: Foul Ball, location: 2F
1-2: Foul Ball, location: 2F
1-2: Ball
2-2: Foul Ball, location: 2F
2-2: SINGLE (Line Drive, 89S, EV 97.5 MPH)
Batting: RHB Mike Thornton 0-0: Called Strike
Kisho Ito steals 2nd base
0-1: Fly out, F6 (Popup, 4M, EV 76.2 MPH)
Batting: RHB Noah Stanley 0-0: Called Strike
0-1: Ground out 5-3 (Groundball, 56, EV 105.6 MPH)
Top of the 4th over - 0 runs, 1 hit, 0 errors, 1 left on base; Milwaukee 0 - Arizona 0
BOTTOM OF THE 4TH
Arizona Diamondbacks batting - Pitching for Milwaukee Brewers : RHP Brett Rosinsky
Batting: RHB Jim Zucco 0-0: Called Strike
0-1: Ball
1-1: Foul Ball, location: 2F
1-2: Ball
2-2: Foul Ball, location: 2F
2-2: DOUBLE (Line Drive, 8RXD, EV 105.0 MPH)
Batting: RHB Ruben Velasco 0-0: Foul Ball, location: 2F
0-1: Ball
1-1: Ball
2-1: Foul Ball, location: 2F
2-2: 2-RUN HOME RUN (Flyball, 78XD, EV 112.5 MPH), Distance : 471 ft
Batting: LHB Mike Mentzer 0-0: Called Strike
0-1: Ball
1-1: Ball
2-1: DOUBLE (Line Drive, 78XD, EV 105.0 MPH)
Batting: SHB Salvador Aragon 0-0: Foul Ball, location: 2F
0-1: Ball
1-1: Called Strike
1-2: Ball
2-2: Strikes out looking
Batting: LHB Bobby Arevalo 0-0: Ball
1-0: Ball
2-0: Ball
3-0: Base on Balls
Pitching: RHP Jeff Swomley
Batting: RHB Billy Crookston 0-0: Swinging Strike
0-1: Ball
1-1: Ball
2-1: Ball
3-1: Foul Ball, location: 2F
3-2: Strikes out swinging
Batting: SHB Andrew Wray II 0-0: Ball
1-0: Fielders Choice at 2nd, 6-4 (Groundball, 56, EV 87.5 MPH)
Bottom of the 4th over - 2 runs, 3 hits, 0 errors, 2 left on base; Milwaukee 0 - Arizona 2
TOP OF THE 5TH
Milwaukee Brewers batting - Pitching for Arizona Diamondbacks : LHP Murphy Quirk
Now at 3B: Marlon Reda
Now at SS: Zhi-bin Ou-yang
Batting: RHB Daniel Donovan 0-0: Foul Ball, location: 2F
0-1: Foul Ball, location: 2F
0-2: Ball
1-2: Foul Ball, location: 2F
1-2: Foul Ball, location: 2F
1-2: Ball
2-2: Foul Ball, location: 2F
2-2: Strikes out swinging
Batting: RHB Dave Gonzalez 0-0: Ball
1-0: Called Strike
1-1: Ball
2-1: Swinging Strike
2-2: Strikes out looking
Batting: SHB Pat Wilson 0-0: Ball
1-0: Ground out 5-3 (Groundball, 56, EV 89.4 MPH)
Top of the 5th over - 0 runs, 0 hits, 0 errors, 0 left on base; Milwaukee 0 - Arizona 2
BOTTOM OF THE 5TH
Arizona Diamondbacks batting - Pitching for Milwaukee Brewers : RHP Jeff Swomley
Pitching: RHP Jose Avila
Now at 3B: Joe LaDue
Batting: RHB Zhi-bin Ou-yang 0-0: Called Strike
0-1: Called Strike
0-2: Ball
1-2: Strikes out swinging
Batting: RHB Katilimomi Kelekolio 0-0: Swinging Strike
0-1: Called Strike
0-2: Ball
1-2: Ball
2-2: Fly out, F2 (Popup, 2RF, EV 96.9 MPH)
Batting: RHB Marlon Reda 0-0: Called Strike
0-1: Called Strike
0-2: Ball
1-2: Foul Ball, location: 2F
1-2: Ball
2-2: Ball
3-2: Base on Balls
Batting: LHB Eric Klasek 0-0: Ball
1-0: Fly out, F8 (Flyball, 8RXD, EV 95.0 MPH)
Bottom of the 5th over - 0 runs, 0 hits, 0 errors, 1 left on base; Milwaukee 0 - Arizona 2
TOP OF THE 6TH
Milwaukee Brewers batting - Pitching for Arizona Diamondbacks : LHP Murphy Quirk
Batting: LHB Alfredo de la Cruz 0-0: Fly out, F8 (Flyball, 8LD, EV 95.6 MPH)
Batting: RHB Ben Campbell 0-0: Ball
1-0: Ball
2-0: Foul Ball, location: 2F
2-1: SINGLE (Groundball, 56D, EV 95.6 MPH)
Batting: RHB Joe LaDue 0-0: Called Strike
0-1: Ball
1-1: Ball
2-1: Grounds into double play, 5-4-3 (Groundball, 56, EV 84.4 MPH)
Top of the 6th over - 0 runs, 1 hit, 0 errors, 0 left on base; Milwaukee 0 - Arizona 2
BOTTOM OF THE 6TH
Arizona Diamondbacks batting - Pitching for Milwaukee Brewers : RHP Jose Avila
Now at C: Mitchell Greene
Pinch Hitting: LHB Roy Steigerwald 0-0: Ball
1-0: Called Strike
1-1: Ball
2-1: Ground out 4-3 (Groundball, 4MD, EV 86.2 MPH)
Pinch Hitting: LHB Kevin Ferguson 0-0: Foul Ball, location: 2F
0-1: Ball
1-1: Fly out, F8 (Flyball, 8RS, EV 88.1 MPH)
Pinch Hitting: SHB Warren Eisner 0-0: Ground out 4-3 (Groundball, 4, EV 86.9 MPH)
Bottom of the 6th over - 0 runs, 0 hits, 0 errors, 0 left on base; Milwaukee 0 - Arizona 2
TOP OF THE 7TH
Milwaukee Brewers batting - Pitching for Arizona Diamondbacks : LHP Murphy Quirk
Pitching: RHP Gerardo Camacho
Now at 1B: Marlon Reda
Now at 2B: Jon Solano
Now at 3B: Warren Eisner
Now in LF: Roy Steigerwald
Now in CF: Andrew Wray II
Now in RF: Kevin Ferguson
Pinch Hitting: LHB Adam Hill 0-0: Foul Ball, location: 2F
0-1: Fly out, F7 (Line Drive, 78D, EV 87.5 MPH)
Batting: SHB Lewis Thorpe Jr. 0-0: Called Strike
0-1: Ball
1-1: Called Strike
1-2: Ball
2-2: Fly out, F8 (Flyball, 78D, EV 108.8 MPH)
Pinch Hitting: RHB Adrian Rudkilde 0-0: Ball
1-0: Ball
2-0: Ball
3-0: Called Strike
3-1: Swinging Strike
3-2: Strikes out swinging
Top of the 7th over - 0 runs, 0 hits, 0 errors, 0 left on base; Milwaukee 0 - Arizona 2
BOTTOM OF THE 7TH
Arizona Diamondbacks batting - Pitching for Milwaukee Brewers : RHP Jose Avila
Pitching: LHP Antonio Diaz
Now at 1B: Steve Byerly
Now at 2B: Joe LaDue
Now at 3B: Adrian Rudkilde
Now at SS: Adam Hill
Batting: RHB Billy Crookston 0-0: Ball
1-0: Foul Ball, location: 2F
1-1: Ball
2-1: Foul Ball, location: 2F
2-2: Strikes out swinging
Batting: SHB Andrew Wray II 0-0: Fly out, F5 (Popup, 5, EV 82.5 MPH)
Batting: RHB Zhi-bin Ou-yang 0-0: Foul Ball, location: 2F
0-1: Foul Ball, location: 2F
0-2: Foul Ball, location: 2F
0-2: Foul Ball, location: 2F
0-2: Ball
1-2: Foul Ball, location: 2F
1-2: Ground out 5-3 (Groundball, 15, EV 79.4 MPH)
Bottom of the 7th over - 0 runs, 0 hits, 0 errors, 0 left on base; Milwaukee 0 - Arizona 2
TOP OF THE 8TH
Milwaukee Brewers batting - Pitching for Arizona Diamondbacks : RHP Gerardo Camacho
Pinch Hitting: RHB Akitada Nishizawa 0-0: Ball
1-0: Ball
2-0: Foul Ball, location: 2F
2-1: Ball
3-1: Called Strike
3-2: Base on Balls
Pinch Hitting: LHB Chad Persaud 0-0: Ground out 6-3 (Groundball, 6S, EV 64.4 MPH)
Akitada Nishizawa to second
Pinch Hitting: SHB Mike Williams 0-0: Called Strike
0-1: Ball
1-1: Ground out 4-3 (Groundball, 4, EV 90.6 MPH)
Akitada Nishizawa to third
Batting: LHB Alfredo de la Cruz 0-0: Swinging Strike
0-1: Ball
1-1: Ball
2-1: Ground out U3 (Groundball, 3L, EV 101.2 MPH)
Top of the 8th over - 0 runs, 0 hits, 0 errors, 1 left on base; Milwaukee 0 - Arizona 2
BOTTOM OF THE 8TH
Arizona Diamondbacks batting - Pitching for Milwaukee Brewers : LHP Antonio Diaz
Pitching: RHP Adam McCurdy
Now at 1B: Pablo Cardona
Now in LF: Chad Persaud
Now in CF: Akitada Nishizawa
Batting: RHB Jon Solano 0-0: Ball
1-0: Ball
2-0: Ball
3-0: Called Strike
3-1: Base on Balls
Batting: RHB Marlon Reda 0-0: Called Strike
0-1: Called Strike
0-2: Ball
1-2: Foul Ball, location: 2F
1-2: Ball
2-2: Strikes out swinging
Batting: LHB Eric Klasek 0-0: Foul Ball, location: 2F
0-1: Ball
1-1: Called Strike
1-2: Foul Ball, location: 2F
1-2: Ball
2-2: Ball
3-2: Strikes out swinging
Jon Solano steals 2nd base
Batter strikes out.
Batting: LHB Roy Steigerwald 0-0: Called Strike
0-1: SINGLE (Flyball, 89M, EV 96.2 MPH)
Jon Solano to third
Runner from 3rd tries for Home, SAFE, throw by RF to home
Roy Steigerwald to second
Batting: LHB Kevin Ferguson 0-0: Ball
1-0: Foul Ball, location: 2F
1-1: Ball
2-1: Ball
3-1: Base on Balls
Batting: SHB Warren Eisner 0-0: Foul Ball, location: 2F
0-1: DOUBLE (Flyball, 89D, EV 94.4 MPH)
Roy Steigerwald scores
Kevin Ferguson to third
Runner from 3rd tries for Home, SAFE, no throw by CF
Pitching: RHP Dave Bible
Batting: RHB Billy Crookston 0-0: Ball
1-0: Foul Ball, location: 2F
1-1: Called Strike
1-2: Strikes out swinging
Bottom of the 8th over - 3 runs, 2 hits, 0 errors, 1 left on base; Milwaukee 0 - Arizona 5
TOP OF THE 9TH
Milwaukee Brewers batting - Pitching for Arizona Diamondbacks : RHP Gerardo Camacho
Pitching: LHP Mario Valdivia
Batting: SHB Mitchell Greene 0-0: Ball
1-0: Foul Ball, location: 2F
1-1: Ball
2-1: Foul Ball, location: 2F
2-2: Strikes out swinging
Batting: RHB Joe LaDue 0-0: Ball
1-0: Ball
2-0: Called Strike
2-1: Foul Ball, location: 2F
2-2: Strikes out looking
Batting: LHB Adam Hill 0-0: Ball
1-0: Ball
2-0: Foul Ball, location: 2F
2-1: Foul Ball, location: 2F
2-2: SINGLE (Flyball, 8LS, EV 95.6 MPH)
Batting: SHB Lewis Thorpe Jr. 0-0: Called Strike
0-1: Foul Ball, location: 2F
0-2: Ball
1-2: Fly out, F9 (Flyball, 9D, EV 93.1 MPH)
Top of the 9th over - 0 runs, 1 hit, 0 errors, 1 left on base; Milwaukee 0 - Arizona 5
Thursday, December 15th , 2022 - OOTP Baseball 23.9 Build 102